Unix NetHack Version 3.7.0-66 Work-in-progress - last build Dec 5 2022 03:26:57 (dbea811729ade750c4c0c7f8ab6145c62533a6e7,branch:master). Game began 2022-12-10 12:11:33, ended 2022-12-10 12:57:32. elenmirie, neutral female gnomish Ranger ----- --------- |<..-- ------.......-- |.....---|@d.......--..| --..|....|a---------|..| --.|-.....- ---- --- ..... Elenmirie the Trailblazer St:16 Dx:11 Co:17 In:13 Wi:14 Ch:7 Neutral Dlvl:5 $:0 HP:0(47) Pw:29(29) AC:4 Xp:6/513 T:3250 Latest messages: You see here a scroll labeled ZLORFIK. k - a scroll labeled ZLORFIK. What do you want to use or apply? [ijtwxKWX or ?*] w You miss the killer bee. The killer bee stings! The killer bee stings! You hit the killer bee! The killer bee stings! The killer bee just misses! The killer bee stings! The killer bee's sting was poisoned! You kill the killer bee! The killer bee just misses! The killer bee stings! The killer bee stings! The killer bee stings! The killer bee's sting was poisoned! Yermak misses the killer bee. The killer bee stings! Yermak misses the killer bee. You miss the killer bee. The killer bee misses! Yermak misses the killer bee. You miss the killer bee. The killer bee misses! Yermak misses the killer bee. The killer bee stings! Yermak misses the killer bee. You miss the killer bee. The killer bee misses! Yermak misses the killer bee. You miss the killer bee. The killer bee stings! Yermak misses the killer bee. The killer bee stings! You kill the killer bee! Yermak misses the killer bee. You kill the killer bee! Yermak misses the killer bee. You miss the killer bee. The killer bee misses! Yermak misses the killer bee. The killer bee stings! The killer bee's sting was poisoned! You die... Do you want your possessions identified? [ynq] (y) y Do you want to see your attributes? [ynq] (y) y Do you want an account of creatures vanquished? [ynaq] (y) y Do you want to see your conduct and achievements? [ynq] (y) y Do you want to see the dungeon overview? [ynq] (y) y Inventory: Weapons Y - 50 uncursed +0 arrows O - 4 cursed -3 arrows d - 32 blessed +0 crossbow bolts c - 46 uncursed +2 crossbow bolts (in quiver pouch) P - an uncursed +0 bow J - a cursed +2 bow b - an uncursed +1 crossbow (alternate weapon; not wielded) H - a blessed +1 dagger o - an uncursed +0 elven dagger a - the blessed rustproof +1 Vorpal Blade (weapon in hand) Armor F - an uncursed +0 elven leather helm (being worn) e - an uncursed +2 cloak of displacement (being worn) h - an uncursed +0 leather armor (being worn) Comestibles T - an uncursed trail mix f - 5 uncursed cram rations B - an uncursed food ration Q - an uncursed lembas wafer Scrolls k - a cursed scroll of enchant weapon Potions V - an uncursed potion of confusion U - an uncursed potion of fruit juice g - a cursed potion of oil Rings C - an uncursed ring of see invisible Wands X - an uncursed wand of make invisible (0:3) i - an uncursed wand of teleportation (0:5) Tools w - an uncursed bag of holding containing 12 items j - an uncursed credit card K - an uncursed lock pick t - an uncursed skeleton key W - an uncursed tin whistle x - an uncursed towel Contents of the bag of holding: 296 gold pieces 2 uncursed scrolls of create monster an uncursed scroll of destroy armor an uncursed scroll of identify an uncursed scroll of stinking cloud an uncursed potion of blindness an uncursed potion of blindness an uncursed potion of see invisible an uncursed potion of sickness an uncursed potion of sickness 2 uncursed potions of speed an uncursed potion of water Elenmirie the Ranger's attributes: Background: You were a Trailblazer, a level 6 female gnomish Ranger. You were neutral, on a mission for Venus who was opposed by Mercury (lawful) and Mars (chaotic). You were in the Gnomish Mines, on level 5. You entered the dungeon 3250 turns ago. There was a full moon in effect when your adventure ended. You had 513 experience points, 127 more were needed to attain level 7. Basics: You had 0 out of 47 hit points. You had all 29 energy points (spell power). Your armor class was 4. Your wallet was empty, but you had 296 zorkmids stashed away in your pack. Autopickup was on for '$' plus thrown. Final Characteristics: Your strength was 16 (limit:18/50). Your dexterity was 11 (limit:18). Your constitution was 17 (limit:18). Your intelligence was 13 (limit:19). Your wisdom was 14 (limit:18). Your charisma was 7 (limit:18). Final Status: You were not hungry. You were unencumbered. You were wielding a long sword. You had basic skill with long sword. Final Attributes: You were piously aligned. You were telepathic. You had automatic searching. You had infravision. You were displaced. You were warded. You were lucky. You are dead. Miscellaneous: You never encountered a bones level. Total elapsed playing time was 45 minutes and 52 seconds. Major events: Turn 1: elenmirie the neutral female gnomish Ranger entered the dungeon 608: attained the rank of Lookout (level 3) 1828: was bestowed with Vorpal Blade by Venus 1878: entered the Gnomish Mines 2882: attained the rank of Trailblazer (level 6) 3250: killed by a killer bee Vanquished creatures: a small mimic a leprechaun a shrieker a gray ooze 2 straw golems 4 floating eyes 11 hill orcs 2 rothes a giant bat 9 dwarf zombies 8 iguanas 4 killer bees 3 coyotes a gas spore 5 hobbits 5 manes a large kobold a hobgoblin a giant rat a cave spider a yellow mold 2 red molds 4 gnomes 7 garter snakes 3 geckos 7 jackals a goblin 3 sewer rats 2 kobold zombies 3 newts 96 creatures vanquished. No species were genocided or became extinct. Voluntary challenges: You read items or engraved 2 times. You never engraved Elbereth. You never genocided any monsters. You never polymorphed an object. You never changed form. You used no wishes. Achievements: You entered a shop. You attained the rank of Lookout. You entered the Gnomish Mines. You attained the rank of Trailblazer. The Dungeons of Doom: levels 1 to 4 Level 1: A fountain. Level 2: An altar to Venus, a sink. Stairs down to The Gnomish Mines. Level 3: A general store. Level 4: A delicatessen. The Gnomish Mines: levels 3 to 5 Level 3: Level 4: Level 5: <- You were here. Final resting place for you, killed by a killer bee. Game over: ---------- / \ / REST \ / IN \ / PEACE \ / \ | elenmirie | | 296 Au | | killed by a | | killer bee | | | | | | 2022 | *| * * * | * _________)/\\_//(\/(/\)/\//\/|_)_______ Goodbye elenmirie the Ranger... You died in The Gnomish Mines on dungeon level 5 with 2529 points, and 296 pieces of gold, after 3250 moves. You were level 6 with a maximum of 47 hit points when you died.